 Dungeon Crawl Stone Soup version 0.31-a0-1447-g87ca8d402b (webtiles) character file.

Game seed: 18247446378375801285

40 Sobieck the Ruffian (level 3, -2/30 HPs)
             Began as a Draconian Shapeshifter on Dec 27, 2023.
             Blown up by Ijyb (18 damage)
             ... with a mindburst bolt
             ... on level 2 of the Dungeon.
             The game lasted 00:02:16 (1438 turns).

Sobieck the Ruffian (Draconian Shapeshifter)        Turns: 1438, Time: 00:02:17

Health: -2/30      AC:  5    Str: 18    XL:     3   Next: 30%
Magic:  3/3        EV: 12    Int: 10    God:
Gold:   73         SH:  0    Dex: 10    Spells: 2/2 levels left

rFire   . .          .
                       - Unarmed
rCold   . . .        (no shield)
rNeg    . . .        (body armour unavailable)
rPois   .            (helmet currently unavailable)
rElec   .            (cloak currently unavailable)
rCorr   .            (gloves currently unavailable)
SInv    .            (boots currently unavailable)
Will    .....        (no amulet)
Stlth   +            (no ring)
HPRegen 0.25/turn    (no ring)
MPRegen 0.08/turn

%: no passive effects
@: beast-form
A: beast (slay +1), AC +5, unfitting armour, cold-blooded
a: Begin Untransformation


You were on level 2 of the Dungeon.
You were a hulking beast.
You visited 1 branch of the dungeon, and saw 3 of its levels.

You collected 131 gold pieces.
You spent 58 gold pieces at shops.

Inventory:

Missiles
 k - 3 poisoned darts
Armour
 i - a +0 pair of gloves
 o - a +0 cloak
Magical Staves
 h - a staff of cold
Jewellery
 s - a ring of see invisible
Talismans
 b - a beast talisman
 c - a flux talisman
Scrolls
 f - 3 scrolls of identify {unknown}
 l - a scroll of noise {unknown}
 p - a scroll of immolation {unknown}
 q - a scroll of enchant armour {unknown}
 r - a scroll of silence {unknown}
Potions
 a - 2 potions of lignification
 d - a potion of mutation {unknown}
 e - a potion of attraction {unknown}
 g - a potion of enlightenment {unknown}
 j - a potion of degeneration {unknown}
 m - a potion of invisibility {unknown}
 n - a potion of curing {unknown}
 t - a potion of resistance {unknown}


   Skills:
 + Level 2.3 Fighting
 - Level 1.7 Dodging
 + Level 3.4 Unarmed Combat
 + Level 3.4 Shapeshifting


You had 2 spell levels left.
You didn't know any spells.
Your spell library contained the following spells:

 Spells                   Type           Power      Damage    Failure   Level
 Anguish                  Hex/Necr       0%         N/A       98%         4
 Cause Fear               Hex            0%         N/A       98%         4
 Enfeeble                 Hex            0%         N/A       100%        7


Dungeon Overview and Level Annotations

Branches:
Dungeon (3/15)

Altars:

Shops:
D:1 [

Annotations:
D:2 Ijyb


Innate Abilities, Weirdness & Mutations

You are a hulking beast.
Your limbs bulge with bestial killing power. (Slay +1)
Your plain brown scales are hard. (AC +5)
You cannot fit into any form of body armour.
You are cold-blooded and may be slowed by cold attacks.


Message History

Done exploring.
Unknown command.
There is a faded altar of an unknown god here.
This altar belongs to (a) Elyvilon, (b) Jiyva or (c) Ashenzari, but you can't tell which.
Press the corresponding letter to learn more about a god, or press enter to convert or escape to cancel.
Okay, then.
Unknown command.
Press < or > to pray at altars.
There is an open door here.
There is a stone staircase leading down here.
You climb downwards.
Found 15 gold pieces, 6 stones and a book of Spatial Translocations.
There is a stone staircase leading up here.
A bat is nearby!
Danger!
The helpless bat fails to defend itself.
You punch the bat!
You kill the bat!
No target in view!
No target in view!
Found a plate armour.
Found a stone staircase leading down.
You see here a bat corpse.
You now have 73 gold pieces (gained 15).
Ijyb the Twisted Goblin comes into view.
She is wielding a +0 dagger and carrying a wand of mindburst.
Unknown command.
Unknown command.
There is a stone staircase leading up here.
Unknown command.
Unknown command.
Unknown command.
Ijyb hits you with a +0 dagger.
You climb upwards.
There is a stone staircase leading down here.
Unknown command.
Unknown command.
Unknown command.
You hit Ijyb but do no damage. You tail-slap Ijyb, but do no damage.
You barely miss Ijyb.
Ijyb zaps a wand.
Your mind is blasted!
You barely miss Ijyb. Ijyb hits you with a +0 dagger.
You closely miss Ijyb. You tail-slap Ijyb, but do no damage.
Ijyb hits you but does no damage.
Unknown command.
You hit Ijyb but do no damage. Ijyb closely misses you.
Okay, then.
Unknown command.
Unknown command.
You hit Ijyb.
Ijyb is lightly wounded.
Ijyb zaps a wand.
Your mind is blasted!
Ouch! That really hurt!
You die...

#.........# #.........#
#.........# #.........##
########## #......≈≈~~##
.........# ##.##~≈≈≈≈≈~###
####.....# #.#~≈≈≈≈≈~~≈≈#
###...[..# ##.#~≈≈≈≈≈≈≈≈≈#
#...###### ##..h~≈#####≈≈≈##
..### ###...g..#...#≈≈≈≈# ###
##........'._.#≈≈≈≈#
..########.........#...#≈≈≈≈#
...........#......~#####≈≈≈##
...........#....~≈≈≈≈≈≈≈≈≈≈#
##.#########....~≈≈≈≈≈≈≈≈≈≈#
##.# ########....~~≈~≈≈≈≈###
...# #..............≈~≈###


You could see Ijyb.

Vanquished Creatures
  An adder (D:1)
  2 bats
  3 endoplasms (D:1)
  A giant cockroach (D:1)
  3 goblins (D:1)
  3 hobgoblins
  4 jackals (D:1)
  2 quokkas (D:1)
  A ball python (D:2)
  4 frilled lizards
  4 rats
28 creatures vanquished.

Notes
Turn   | Place    | Note
-------+----------+-------------------------------------------
     0 | D:1      | Sobieck the Draconian Shapeshifter began the quest for the
                  | Orb.
     0 | D:1      | Reached XP level 1. HP: 16/16 MP: 1/1
    40 | D:1      | Reached XP level 2. HP: 9/23 MP: 2/2
   131 | D:1      | Found Qusiv's Armour Shop.
   810 | D:1      | Reached XP level 3. HP: 25/29 MP: 3/3
  1075 | D:1      | Bought a +0 cloak for 58 gold pieces
  1209 | D:2      | Found a faded altar of an unknown god.
  1427 | D:3      | Noticed Ijyb
  1438 | D:2      | Blown up by Ijyb

Illustrated notes

Levels and vault maps discovered:
D:1:      nzn_arrival_water_spiral, layout_loops_ring, serial_shops,
          nicolae_shop_crystal, nrook_mini_vaults
D:2:      layout_rooms, nicolae_ecumenical_lake_church
D:3:      layout_basic, serial_shops, nicolae_shop_back_alley_shop, uniq_ijyb,
          uniq_sigmund

Skill      XL: |  1  2 |
---------------+-------+-----
Fighting       | 2 |  2.3
Dodging        | |  1.7
Unarmed Combat | |  3.4
Shapeshifting  | |  3.4

Action                     || total
---------------------------++-------
  Melee: Unarmed           ||    79
         Tailslap          ||    10
         Punch             ||     1
   Stab: Sleeping          ||     1
 Armour: Skin              ||    44
  Dodge: Dodged            ||    33

Table legend: (Time is in decaauts)
 A = Elapsed time spent in this place.
 B = Non-inter-level travel time spent in this place.
 C = Inter-level travel time spent in this place.
 D = Time resting spent in this place.
 E = Time spent auto-exploring this place.
 F = Levels seen in this place.
 G = Mean time per level.
                   A        B        C        D        E       F      G
               +--------+--------+--------+--------+--------+-----+--------+
         Total |   1440 |   1387 |     53 |    184 |   1003 |   3 |  480.0 |
       Dungeon |   1440 |   1387 |     53 |    184 |   1003 |   3 |  480.0 |
               +--------+--------+--------+--------+--------+-----+--------+

Top non-repeatable levels by time:
     D:1: 947 daAuts
     D:2: 480 daAuts
     D:3: 11 daAuts
